 Dungeon Crawl Stone Soup version 0.20.1-1-g8b1a95d (webtiles) character file.

86 dohliylev the Sneak (level 4, 0/27 HPs)
             Began as a Vampire Enchanter on Dec 25, 2017.
             Succumbed to a worker ant's poison
             ... on level 3 of the Dungeon.
             The game lasted 00:06:36 (1926 turns).

dohliylev the Sneak (Vampire Enchanter)             Turns: 1926, Time: 00:06:37

Health: 0/27       AC:  5    Str:  7    XL:     4   Next: 27%
Magic:  1/7        EV: 12    Int: 18    God:
Gold:   74         SH:  0    Dex: 14    Spells: 4/7 levels left

rFire    + . .     SeeInvis +   a - +1 dagger
rCold    . . .     Gourm    .   (no shield)
rNeg     + . .     Faith    .   b - +0 robe
rPois    .         Spirit   .   m - +2 helmet
rElec    .         Reflect  .   (no cloak)
rCorr    .         Harm     .   (no gloves)
MR       .....                  i - +0 pair of boots (curse)
Stlth    ++++......             (no amulet)
Regen    0.1/turn               (no ring)
MPRegen  0.1/turn               f - ring of fire

@: lethally poisoned (0 -> -12)
A: fangs 3, see invisible, cold resistance 1, deformed body, frail 1, mutation
resistance 1, unbreathing
a: Bat Form


You were on level 3 of the Dungeon.
You were not thirsty.

You visited 1 branch of the dungeon, and saw 3 of its levels.

You collected 74 gold pieces.

Inventory:

Hand Weapons
 a - a +1 dagger (weapon)
Armour
 b - a +0 robe (worn)
 i - a cursed +0 pair of boots (worn)
 m - a +2 helmet (worn)
Jewellery
 f - a ring of fire (right hand)
Wands
 j - a wand of acid (10/15)
Scrolls
 e - a scroll of amnesia
 g - 2 scrolls of remove curse
 h - 2 scrolls of identify
Potions
 d - 3 potions of blood
 k - a potion of flight {unknown}
 l - a potion of cancellation {unknown}
Books
 c - a book of Maledictions

   Spells                             Type                      Level
   a - Corona                         Hexes                        1
   b - Ensorcelled Hibernation        Hexes/Ice                    2
   c - Confuse                        Hexes                        3
   d - Tukima's Dance                 Hexes                        3
   e - Dazzling Spray                 Conjuration/Hexes            3


   Skills:
 - Level 1.1 Short Blades
 - Level 2.1 Dodging
 + Level 7.9 Stealth
 - Level 2.0 Spellcasting
 - Level 4.4 Hexes


You had 4 spell levels left.
You knew the following spells:

 Your Spells              Type           Power        Failure   Level  Hunger
a - Corona                Hex            ###....      3%          1    #......
b - Ensorcelled Hibernat  Hex/Ice        #.....       11%         2    ###....


Dungeon Overview and Level Annotations

Branches:
Dungeon (3/15)

Altars:
Elyvilon
Gozag
Okawaru


Innate Abilities, Weirdness & Mutations

You have razor-sharp teeth.
You have supernaturally acute eyesight. (SInv)
You can survive without breathing.
Your flesh is cold resistant. (rC+)
Armour fits poorly on your strangely shaped body.
You are frail. (-10% HP)
You are somewhat resistant to further mutation.


Message History

You feel sick. The worker ant bites you.
You completely miss the worker ant.
The worker ant is moderately wounded.
The worker ant misses you.
You barely miss the worker ant.
The worker ant is moderately wounded.
The worker ant misses you.
You hit the worker ant but do no damage.
The worker ant is moderately wounded.
You feel sick. The worker ant bites you.
You hit the worker ant.
The worker ant is heavily wounded.
The worker ant bites you but does no damage.
The worker ant bites you!
* * * LOW HITPOINT WARNING * * *
You are more poisoned.
The worker ant poisons you!
You hit the worker ant but do no damage.
The worker ant is heavily wounded.
You die...

#..<..#.##### .#
#.....#.....# ..#
#####.####.##...#
####+##### #.........#
#........########.####..
#........+..............#
.........#.....####.###..
#........#.....+ ...
#........#@....# #.#
#.......wa.....# .#
#........#......... #
#........#.....####
#........#.....#
#........##+####
#........# ##+#.##### #.


You could see a worker ant and a dart slug.

Vanquished Creatures
  4 gnolls (D:2)
  2 worms (D:2)
  A ball python (D:2)
  7 bats
  5 giant cockroaches
  4 goblins
  4 hobgoblins
  5 kobolds
  3 frilled lizards
  6 rats
41 creatures vanquished.

Notes
Turn   | Place    | Note
-------+----------+-------------------------------------------
     0 | D:1      | dohliylev the Vampire Enchanter began the quest for the Orb.
     0 | D:1      | Reached XP level 1. HP: 13/13 MP: 3/3
   211 | D:1      | Reached skill level 5 in Stealth
   305 | D:1      | Reached XP level 2. HP: 19/19 MP: 5/5
   310 | D:1      | Learned a level 2 spell: Ensorcelled Hibernation
   627 | D:1      | Gained mutation: You are frail. (-10% HP) [potion of mutation]
   627 | D:1      | Gained mutation: Your flesh is cold resistant. (rC+) [potion of mutation]
   627 | D:1      | Gained mutation: Armour fits poorly on your strangely shaped body. [potion of mutation]
   627 | D:1      | Gained mutation: You are somewhat resistant to further mutation. [potion of mutation]
   662 | D:1      | Reached skill level 6 in Stealth
  1151 | D:2      | Found an opulent altar of Gozag.
  1184 | D:2      | Reached XP level 3. HP: 21/21 MP: 6/6
  1261 | D:2      | Found a white marble altar of Elyvilon.
  1402 | D:2      | Reached skill level 7 in Stealth
  1420 | D:2      | Reached XP level 4. HP: 8/27 MP: 1/7
  1512 | D:2      | Found an iron altar of Okawaru.
  1925 | D:3      | HP: 1/27 [worker ant (8)]
  1926 | D:3      | Succumbed to a worker ant's poison

Skill      XL: |  1  2  3 |
---------------+----------+-----
Stealth        | 5 6 7 |  7.9
Short Blades   | |  1.1
Dodging        | |  2.1
Spellcasting   | |  2.0
Hexes          | |  4.4

Action                   |  1- 3 |  4- 6 || total
-------------------------+-------+-------++-------
Melee: Dagger            |   127 |    25 ||   152
       Bite              |     2 |     2 ||     4
 Cast: Corona            |     4 |       ||     4
       Ensorcelled Hiber |    14 |     8 ||    22
  Use: Potion            |     2 |       ||     2
       Scroll            |     3 |       ||     3
 Stab: Sleeping          |    19 |     6 ||    25
  Eat: Corpse            |    10 |     2 ||    12
Armor: Robe              |    13 |    11 ||    24
       Skin              |    35 |       ||    35
Dodge: Dodged            |    61 |    11 ||    72
